 Dungeon Crawl Stone Soup version 0.30-a0-358-g0d69a1922f (webtiles) character file.

Game seed: 3048772091559297701

1005 koil the Vexing (level 8, -5/54 (57) HPs)
             Began as a Vampire Enchanter on Nov 11, 2022.
             Slain by a wraith (11 damage)
             ... on level 5 of the Dungeon.
             The game lasted 00:20:23 (3712 turns).

koil the Vexing (Vampire Enchanter)                 Turns: 3712, Time: 00:20:23

HP:   -5/54 (57)    AC:  9    Str:  7    XL:     8   Next: 0%
MP:   8/13          EV: 14    Int: 20    God:
Gold: 316           SH:  0    Dex: 20    Spells: 9/14 levels left

rFire   . . .      SeeInvis +    a - +2 dagger (protect)
rCold   . . .      Faith    .    (no shield)
rNeg    . . .      Spirit   .    w - +0 robe
rPois   .          Reflect  .    j - +1 helmet {SInv}
rElec   .          Harm     .    (no cloak)
rCorr   .          Rampage  .    x - +0 pair of gloves
Will    .....                    (no boots)
Stlth   ++++......               (no amulet)
HPRegen 0.49/turn                q - +6 ring of dexterity
MPRegen 0.13/turn                s - +4 ring of protection

@: confusing by touch, about to teleport, healing quickly, slowed, drained, very
slow
A: alive, fangs 3, see invisible, vampiric 2
a: Exsanguinate


You were on level 5 of the Dungeon.
You visited 1 branch of the dungeon, and saw 5 of its levels.

You collected 316 gold pieces.

Inventory:

Hand Weapons
 a - a +2 dagger of protection (weapon)
 b - the +5 scythe "Finisher" {speed, eviscerate}
   (You took it off an orc on level 4 of the Dungeon)

   Attacks with this weapon are significantly faster.
   It may eviscerate those it strikes, slaying them instantly, with a decreasing
   chance against stronger foes.
 i - a +1 dagger of freezing
 v - a +1 hand axe of electrocution
 y - a +1 dagger
 z - a +1 dagger of speed
 D - a +7 scythe of freezing
Missiles
 e - 11 poisoned darts (quivered)
 p - 10 curare-tipped darts {!f}
Armour
 j - a +1 helmet of see invisible (worn)
 w - a +0 robe (worn)
 x - a +0 pair of gloves (worn)
Magical Staves
 k - a staff of fire
Jewellery
 q - a +6 ring of dexterity (left hand)
 r - a ring of protection from cold
 s - a +4 ring of protection (right hand)
Scrolls
 d - a scroll of teleportation
 t - a scroll of immolation {unknown}
 u - a scroll of enchant armour {unknown}
 A - a scroll of butterflies {unknown}
 B - a scroll of enchant weapon {unknown}
 C - a scroll of fear {unknown}
Potions
 c - 2 potions of invisibility
 f - 3 potions of mutation
 h - 2 potions of lignification
 m - a potion of cancellation
 n - 2 potions of ambrosia
 o - a potion of brilliance
 E - 3 potions of curing


   Skills:
 + Level 2.9 Fighting
 + Level 3.7 Short Blades
 + Level 2.2 Armour
 + Level 4.4 Dodging
 - Level 6.2 Stealth
 + Level 3.7 Spellcasting
 + Level 6.8 Hexes
 + Level 1.5 Poison Magic


You had 9 spell levels left.
You knew the following spells:

 Your Spells              Type           Power      Damage    Failure   Level
a - Ensorcelled Hibernat  Hex/Ice        34%        N/A       4%          2
b - Confusing Touch       Hex            30%        N/A       2%          3

Your spell library contained the following spells:

 Spells                   Type           Power      Damage    Failure   Level
 Tukima's Dance           Hex            30%        N/A       2%          3
 Sting                    Tmut/Pois      24%        1d4       10%         1
 Dazzling Flash           Conj/Hex       34%        N/A       10%         3
 Beastly Appendage        Tmut           6%         N/A       13%         1
 Freeze                   Ice            12%        1d3       13%         1
 Poisonous Vapours        Pois/Air       12%        N/A       14%         2
 Blink                    Tloc           6%         N/A       21%         2
 Momentum Strike          Conj/Tloc      6%         3d8       21%         2
 Wereblood                Tmut           3%         N/A       21%         2
 Spider Form              Tmut/Pois      6%         N/A       28%         3
 Frozen Ramparts          Ice            6%         1d1       36%         3
 Gell's Gravitas          Tloc           3%         N/A       36%         3
 Hailstorm                Conj/Ice       3%         3d3       36%         3
 Lesser Beckoning         Tloc           6%         N/A       36%         3
 Teleport Other           Tloc           3%         N/A       36%         3
 Olgreb's Toxic Radiance  Pois           9%         N/A       56%         4
 Metabolic Englaciation   Hex/Ice        8%         N/A       65%         5
 Petrify                  Tmut/Erth      3%         N/A       78%         4
 Statue Form              Tmut/Erth      2%         N/A       100%        6


Dungeon Overview and Level Annotations

Branches:
Dungeon (5/15)
 Temple: D:4-7

Altars:
Dithmenos
Ru

Shops:
D:3 !(?

Annotations:
D:5 Low2's ghost, amateur OgGl


Innate Abilities, Weirdness & Mutations

Your natural rate of healing is accelerated.
You have razor-sharp teeth.
You have supernaturally acute eyesight. (SInv)
You are afflicted with vampirism and can become a bat while bloodless.


Message History

The adder barely misses your ufetubus.
Your ufetubus hits the adder.
The adder dies!
The wight misses you.
You have reached level 8!
Casting: Ensorcelled Hibernation (safe; 4% risk of failure)
Confirm with . or Enter, or press ? or * to list all spells.
Your hands begin to glow red.
Your ufetubus hits Low2's ghost.
Your ufetubus closely misses Low2's ghost.
Your ufetubus hits Low2's ghost. x2; The wraith hits you.
The wraith drains your vigour!
You feel yourself slow down. The wight completely misses you.
You hit the wraith but do no damage.
The wight hits you from afar with a +0 halberd!
You feel drained. The wraith barely misses you.
Unknown command.
You barely miss Low2's ghost.
Low2's ghost is lightly damaged.
Your ufetubus dissolves into shadows!
The wight hits you from afar with a +0 halberd!
Low2's ghost says, "Let nature run its course against you!"
Low2's ghost hits you! The wraith hits you!
* * * LOW HITPOINT WARNING * * *
The wraith drains your vigour!
You feel as though you will be slow longer.
Your orc hits Low2's ghost with a +0 club.
You hit Low2's ghost but do no damage. You bite Low2's ghost.
Low2's ghost is moderately damaged.
The wight barely misses you. Low2's ghost hits you!
* * * LOW HITPOINT WARNING * * *
x2 The wraith hits you but does no damage.
Your orc hits Low2's ghost with a +0 club.
Unknown command.
As you read the scroll of teleportation, it crumbles to dust.
You feel strangely unstable.
Your orc dissolves into shadows!
The wight misses you. Low2's ghost misses you. The wraith barely misses you.
The wight hits you from afar with a +0 halberd.
* * * LOW HITPOINT WARNING * * *
You feel drained. Low2's ghost completely misses you. The wraith hits you!
You die...

#...#.......#.........
#...#..|(...#.........
#...#..#.#..#.........
#...#.#...#.#.........
#...#..#.#..#........o
#...#.......#.....###.
#...#Y...†..#.....# #.
#...###z''###.....# #.
#....@W...........# #.
#.....W...........# #.
#...####..........# #.
##### ############ #.
#. #. ##


You could see a wraith, an ice beast, a wight and Low2's ghost.

Vanquished Creatures
  Sigmund (D:5)
  Menkaure (D:5)
  An ice beast (D:5)
  An ogre (D:4)
  2 scorpions
  A howler monkey (D:4)
  2 hounds
  An orc priest (D:5)
  A gnoll bouda (D:5)
  An iguana (D:5)
  2 orc wizards (D:5)
  6 gnolls
  4 adders
  2 ufetubi (D:5)
  3 worms (D:4)
  2 dart slugs
  11 orcs
  8 bats
  8 endoplasms
  3 giant cockroaches
  6 goblins
  7 hobgoblins
  2 jackals (D:2)
  2 quokkas
  9 ball pythons
  4 frilled lizards
  8 kobolds
  6 rats
105 creatures vanquished.

Notes
Turn   | Place    | Note
-------+----------+-------------------------------------------
     0 | D:1      | koil the Vampire Enchanter began the quest for the Orb.
     0 | D:1      | Reached XP level 1. HP: 13/13 MP: 3/3
   126 | D:1      | Reached XP level 2. HP: 20/20 MP: 5/5
   129 | D:1      | Learned a level 2 spell: Ensorcelled Hibernation
   222 | D:1      | Found a faded altar of an unknown god.
   557 | D:2      | Gained mutation: You are afflicted with vampirism and can
                  | become a bat while bloodless. [Vampire growth]
   557 | D:2      | Reached XP level 3. HP: 24/25 MP: 6/6
   561 | D:2      | Learned a level 3 spell: Confusing Touch
   736 | D:2      | Reached skill level 5 in Stealth
   776 | D:2      | Reached skill level 1 in Fighting
   939 | D:2      | Reached skill level 5 in Hexes
   939 | D:2      | Reached XP level 4. HP: 32/32 MP: 7/7
  1230 | D:3      | Found Jeruy's Weapon Boutique.
  1268 | D:3      | Found Bixeu's Magic Scroll Shoppe.
  1315 | D:3      | Noticed a scorpion
  1317 | D:3      | Killed a scorpion
  1318 | D:3      | Reached XP level 5. HP: 37/37 MP: 8/8
  1488 | D:3      | Found Xalive Guusk's Distillery.
  1536 | D:3      | Found a sacrificial altar of Ru.
  1975 | D:4      | Reached skill level 1 in Armour
  1975 | D:4      | Reached XP level 6. HP: 44/44 MP: 10/10
  2221 | D:4      | Found a shadowy altar of Dithmenos.
  2448 | D:5      | Entered Level 5 of the Dungeon
  2727 | D:5      | Noticed an ice beast
  2747 | D:5      | Killed an ice beast
  2834 | D:5      | Reached XP level 7. HP: 50/50 MP: 6/11
  2874 | D:5      | Noticed Menkaure
  2907 | D:5      | Killed Menkaure
  3076 | D:5      | Reached skill level 1 in Poison Magic
  3157 | D:5      | Found a runed translucent gate.
  3175 | D:5      | Noticed Sigmund
  3183 | D:5      | Killed Sigmund
  3255 | D:5      | Found a runed translucent gate.
  3256 | D:5      | Found a runed translucent gate.
  3257 | D:5      | Noticed Low2's ghost (amateur OgGl)
  3258 | D:5      | Noticed a wraith
  3708 | D:5      | Reached XP level 8. HP: 57/57 MP: 10/13
  3711 | D:5      | HP: 7/55 [Low2's ghost (7)]
  3712 | D:5      | Slain by a wraith

Illustrated notes

Levels and vault maps discovered:
D:1:      sevenhm_arrival_forest_fort_small_4, layout_basic,
          ebering_ecumenical_altar_petrified
D:2:      layout_rooms, st_stairs_14, minmay_split_cup_large
D:3:      layout_basic, nicolae_ru_sacrificial_ziggurat, serial_shops, shop,
          nicolae_diamond_shop, shop
D:4:      layout_loops_cross, grunt_dithmenos_smoke
D:5:      layout_basic, gammafunk_ghost_split, due_unseen_surprise,
          uniq_menkaure, uniq_sigmund

Skill      XL: |  1  2  3  4  5  6  7 |
---------------+----------------------+-----
Stealth        | 5 6 |  6.2
Fighting       | 1 2 |  2.9
Hexes          | 5 6 |  6.8
Short Blades   | 2 3 |  3.7
Dodging        | 3 4 |  4.4
Armour         | 1 2 |  2.2
Spellcasting   | 3 |  3.7
Poison Magic   | 1 |  1.5

Action                   |  1- 3 |  4- 6 |  7- 9 || total
-------------------------+-------+-------+-------++-------
Melee: Dagger            |   109 |   134 |    76 ||   319
       Bite              |     9 |    19 |     5 ||    33
       Punch             |     1 |     4 |     1 ||     6
       Scythe            |       |    30 |       ||    30
 Cast: Ensorcelled Hiber |     3 |     9 |    10 ||    22
       Confusing Touch   |       |     2 |     3 ||     5
  Use: Scroll            |       |       |     9 ||     9
 Stab: Sleeping          |    15 |     9 |     7 ||    31
       Distracted        |     1 |       |       ||     1
       Confused          |       |     1 |     2 ||     3
Armor: Robe              |    35 |    36 |    41 ||   112
Dodge: Dodged            |    75 |    93 |    71 ||   239

Table legend: (Time is in decaauts)
 A = Elapsed time spent in this place.
 B = Non-inter-level travel time spent in this place.
 C = Inter-level travel time spent in this place.
 D = Time resting spent in this place.
 E = Time spent auto-exploring this place.
 F = Levels seen in this place.
 G = Mean time per level.
                   A        B        C        D        E       F      G
               +--------+--------+--------+--------+--------+-----+--------+
         Total |   3684 |   3615 |     69 |     94 |   2478 |   5 |  736.8 |
       Dungeon |   3684 |   3615 |     69 |     94 |   2478 |   5 |  736.8 |
               +--------+--------+--------+--------+--------+-----+--------+

Top non-repeatable levels by time:
     D:5: 1250 daAuts
     D:4: 815 daAuts
     D:2: 557 daAuts
     D:1: 543 daAuts
     D:3: 519 daAuts
